Unix NetHack Version 5.0.0-0 post-release - last build May  4 2026 22:22:43 (774f63e81ad911689b3a0859ea89b322d5daca8d,branch:main).

Game began 2026-05-05 16:16:49, ended 2026-05-05 16:36:15.

Ackbladder, neutral male human Priest

                                ------  -----
                                |....|  |...|
                                |.``.----.`.|
                                |.`.....%...|
                                |+.--->---..|
                                |---------)---
                                |.^.^.<|.%)..|
                                |.^----|``i..|
                                --=|   |.....|
                                 |%-----.q...|
                                 |^.%..^@....|
                                 |..----------
                                 ----

Ackbladder the Adept         St:25 Dx:12 Co:18 In:8 Wi:18 Ch:10  Neutral
Dlvl:6  $:70 HP:0(63) Pw:88(88) AC:7  Xp:6 T:3403 

Latest messages:
 The 3rd runed arrow misses the Woodland-elf.
 You are hit by the 3rd runed arrow!
 The Woodland-elf wields a runed spear!
 The Woodland-elf wields a blessed runed broadsword!
 You kill the Woodland-elf!
 You hit the Woodland-elf!
 The Woodland-elf swings his runed broadsword.
 The Woodland-elf hits!
 You kill the Woodland-elf!
 The Woodland-elf picks up a runed arrow.
 The Woodland-elf wields a runed short sword!
 You hit the Woodland-elf!
 The Woodland-elf thrusts her runed short sword.
 The Woodland-elf hits!
 You kill the Woodland-elf!
 There is a Woodland-elf corpse here; eat it? [ynq] (n) y
 This Woodland-elf corpse is stringy.
 The Woodland-elf throws a runed dagger!
 You are hit by a runed dagger.
 You stop eating the Woodland-elf corpse.
 There are several objects here.
 The Woodland-elf wields a runed broadsword!
 The Woodland-elf picks up a bag.
 You hit the Woodland-elf!
 The Woodland-elf swings his runed broadsword.
 The Woodland-elf hits!
 You kill the Woodland-elf!
 There is a Woodland-elf corpse here; eat it? [ynq] (n) y
 This Woodland-elf corpse tastes terrible!
 You stop eating the Woodland-elf corpse.
 With great effort you move the boulder.
 The boulder suddenly rolls away from you!
 You hear a boulder fall.
 You escape a rolling boulder trap.
 You see here a cursed scroll labeled ASHPD SODALG.
 g - a cursed scroll labeled ASHPD SODALG.
 What do you want to call? [gmp-vB-DGIKMP-SUVYZ or ?*] g
 Call a scroll labeled ASHPD SODALG: earth
 i - a slime mold (3 in total).
 h - a scroll called earth.
 You stop searching.
 You hit the giant beetle!
 The giant beetle bites!
 You miss the giant beetle.
 You kill the giant beetle!
 You escape a rolling boulder trap.
 The mumak butts!
 You die...
 Do you want your possessions identified? [ynq] (y) y
 Do you want to see your attributes? [ynq] (y) q

Inventory:
 Coins    ('$')
  $ - 70 gold pieces
 Amulets  ('"')
  B - an amulet versus poison
 Weapons  (')')
  y - 2 +0 daggers
  a - a blessed +1 mace (weapon in right hand)
 Armor    ('[')
  t - a +0 helm of caution
  E - a +0 pair of gauntlets of power (being worn)
  M - a fireproof +0 pair of elven boots
  u - a very burnt +0 pair of jumping boots
  c - a +0 small shield
  v - a +0 cloak of protection
  b - a +0 robe (being worn)
  L - a +0 robe
 Comestibles  ('%')
  i - 3 slime molds
  e - a clove of garlic
  x - 4 food rations
  A - a fortune cookie
  f - 2 sprigs of wolfsbane
 Scrolls  ('?')
  C - 2 scrolls of blank paper
  D - a cursed scroll of blank paper
  R - a scroll of confuse monster
  W - a scroll of create monster
  p - a scroll of destroy armor
  h - a scroll of earth
  g - a cursed scroll of earth
  s - 2 scrolls of enchant armor
  G - a blessed scroll of light
  m - 2 scrolls of remove curse
 Spellbooks  ('+')
  X - a blessed spellbook of slow monster
 Potions  ('!')
  r - 2 potions of confusion
  N - a potion of gain level
  U - a cursed potion of healing
  S - a potion of object detection
  P - a blessed potion of restore ability
  d - 2 potions of holy water
 Rings    ('=')
  q - a cursed -1 ring of gain constitution
 Wands    ('/')
  z - a wand of enlightenment (0:13)
  T - a wand of light (0:12)
  Q - a wand of magic missile (0:3)
  Z - a wand of sleep (0:7)
 Tools    ('(')
  H - a magic marker (0:79)
  V - a magic whistle
 Gems/Stones  ('*')
  I - a topaz stone
  Y - a worthless piece of blue glass
  K - a worthless piece of yellowish brown glass

Ackbladder the Priest's attributes:

Background:
 You were an Adept, a level 6 human Priest.
 You were neutral, on a mission for Chih Sung-tzu
 who was opposed by Shan Lai Ching (lawful) and Huan Ti (chaotic).
 You were right-handed.
 You were in Sokoban, on level 6.
 You entered the dungeon 3403 turns ago.
 You had 622 experience points, 18 more were needed to attain level 7.

Basics:
 You had 0 out of 63 hit points.
 You had all 88 energy points (spell power).
 Your armor class was 7.
 Your wallet contained 70 zorkmids.
 Autopickup was off.

Final Characteristics:
 Your strength was 25 (base:12, innate limit:18/100).
 Your dexterity was 12 (limit:18).
 Your constitution was 18 (limit:18).
 Your intelligence was 8 (limit:18).
 Your wisdom was 18 (limit:18).
 Your charisma was 10 (limit:18).

Final Status:
 You weren't hungry.
 You were unencumbered.
 You were wielding a mace.
 You were skilled in mace.

Final Attributes:
 You were piously aligned.
 You were guarded.
 Your spell casting was enhanced by wearing a robe.
 You are dead.

Miscellaneous:
 You didn't encounter any bones levels.
 Total elapsed playing time was 19 minutes and 26 seconds.

Major events:
 Turn
    1: Ackbladder the neutral human Priest entered the dungeon
  760: attained the rank of Acolyte (level 3)
 2127: attained the rank of Adept (level 6)
 2315: entered the Gnomish Mines
 2969: entered Sokoban
 3403: killed by a mumak

Spells:
 Name                 Level Category     Fail Retention
 light                  1   clerical       0%   81%-90%
 detect monsters        1   divination     0%  76%-100%
 haste self             3   escape        73%  76%-100%
 slow monster           2   enchantment   35%  76%-100%

Skills:
 Fighting Skills
   bare handed combat [Unskilled]
 Weapon Skills
   club               [Unskilled]
   mace               [Skilled]
   morning star       [Unskilled]
   flail              [Unskilled]
   hammer             [Unskilled]
   quarterstaff       [Unskilled]
   polearms           [Unskilled]
   spear              [Unskilled]
   trident            [Unskilled]
   lance              [Unskilled]
   bow                [Unskilled]
   sling              [Unskilled]
   crossbow           [Unskilled]
   dart               [Unskilled]
   shuriken           [Unskilled]
   boomerang          [Unskilled]
   unicorn horn       [Unskilled]
 Spellcasting Skills
   healing spells     [Unskilled]
   divination spells  [Unskilled]
   clerical spells    [Basic]

Voluntary challenges:
 Character rerolling was not enabled.
 You never genocided any monsters.
 You never polymorphed an object.
 You never changed form.
 You used no wishes.
 You did not violate any of the special Sokoban rules.
Achievements:
 You entered a shop.
 You attained the rank of Acolyte.
 You attained the rank of Adept.
 You entered the Gnomish Mines.
 You entered Sokoban.

 The Dungeons of Doom: levels 1 to 7
    Level 1:
       Some fountains.
    Level 2:
       A scroll shop, a fountain.
    Level 3:
    Level 4:
       An armor shop, a fountain.
       Stairs down to The Gnomish Mines.
    Level 5:
       A fountain.
    Level 6:
       Many fountains.
    Level 7:
       An altar.
       Stairs up to Sokoban, level 6.
 The Gnomish Mines:
    Level 5:
 Sokoban:
    Level 6: <- You were here.
       Unsolved.
       Final resting place for
          you, killed by a mumak.


Vanquished creatures:
  a dwarf ruler
  a human mummy
  a giant beetle
 an orc mummy
  a housecat
  a snake
  4 Woodland-elves
  8 bugbears
  a mountain nymph
  a yellow light
  a gnome leader
  a paper golem
  a giant ant
  a little dog
  3 kittens
  a kobold leader
  5 rothes
  a giant bat
  a monkey
 an orc zombie
  a werejackal
 an iguana
 an acid blob
  a hobbit
  2 manes
  a large kobold
  3 hobgoblins
  a cave spider
  a brown mold
  a yellow mold
  2 gnomes
  5 geckos
  7 jackals
  a kobold
  a goblin
  2 sewer rats
  a grid bug
  a bat
  4 lichens
  a kobold zombie
  7 newts
81 creatures vanquished.

No species were genocided or became extinct.

Game over:
                       ----------
                      /          \
                     /    REST    \
                    /      IN      \
                   /     PEACE      \
                  /                  \
                  |    Ackbladder    |
                  |      70 Au       |
                  |   killed by a    |
                  |      mumak       |
                  |                  |
                  |                  |
                  |       2026       |
                 *|     *  *  *      | *
        _________)/\\_//(\/(/\)/\//\/|_)_______

Goodbye Ackbladder the Priest...

You died in Sokoban on dungeon level 6 with 2871 points,
and 70 pieces of gold, after 3403 moves.
You were level 6 with a maximum of 63 hit points when you died.

